AoeStats
← juanmorenosalamanca

Arena

510762386Analyzed
1v1 RM · 18h ago on Oct 2, 2026· 43m 8s· 2 players
Game mode
Random Map
Map size
Tiny (2 player)
Population
200
Speed
Normal
Resources
Standard
Victory
Conquest
Starting age
Dark Age
Ending age
Imperial Age
RankedLock teamsTeams togetherTeam positionsShared explorationLock speedFull tech treeHidden civsTurbo modeCheats
Victory
Defeat
🇮🇱 Khmer · Israel
1243
+14
1202
-14
juanmorenosalamanca
10:25 Feudal Age
14:13 Castle Age
12:51 Double-Bit Axe
14:14 Horse Collar
21:33 Scale Barding Armor
24:00 Wheelbarrow
23:39 Bow Saw
23:57 Heavy Plow
24:35 Town Watch
24:47 Gold Mining
25:02 Fletching
26:17 Bodkin Arrow
25:48 Elite Skirmisher
26:02 Pikeman
27:37 Squires
27:24 Arson
27:42 Scale Mail Armor
27:42 Stone Mining
31:31 Imperial Age
29:35 Hand Cart
29:47 Ballistics
31:26 Town Patrol
31:11 Loom
31:46 Padded Archer Armor
32:01 Chain Mail Armor
31:32 Halberdier
33:17 Chemistry
33:21 Bracer
33:37 Leather Archer Armor
33:35 Forging
34:08 Conscription
33:52 Tower Shields
35:07 Two-Man Saw
34:39 Crop Rotation
36:44 Masonry
40:05 Iron Casting
40:01 Ring Archer Armor
42:13 Stone Shaft Mining
Oblivic
11:25 Feudal Age
14:06 Castle Age
12:05 Double-Bit Axe
12:11 Horse Collar
17:25 Light Cavalry
19:14 Husbandry
21:22 Scale Barding Armor
29:38 Imperial Age
27:14 Stone Mining
27:24 Gold Mining
27:54 Bow Saw
27:50 Heavy Plow
28:07 Gold Mining
28:09 Stone Mining
28:39 Heavy Plow
29:09 Chain Barding Armor
29:54 Forging
30:43 Gold Shaft Mining
30:45 Stone Shaft Mining
30:05 Loom
31:34 Plate Barding Armor
31:36 Iron Casting
31:00 Heavy Scorpion
32:45 Bloodlines
35:02 Blast Furnace
33:52 Fletching
34:50 Ballistics
35:16 Hoardings
35:03 Masonry
36:53 Double Crossbow
38:24 Hussar
39:00 Bodkin Arrow
39:38 Architecture
39:15 Siege Engineers
40:10 Conscription
42:19 Wheelbarrow
41:32 Town Watch
41:49 Bracer
43:30 Chemistry
Connection lost

Rejoining the realm…

Still unreachable

The connection could not be restored.

Session expired

The server has moved on; the page needs a fresh start.